 Dungeon Crawl Stone Soup version 0.31-a0-536-ga3e2962e35 (console) character file.

Game seed: 16573124431837357999

142 Lexodia the Cudgeller (level 5, -3/47 HPs)
             Began as an Ogre Gladiator on Aug 13, 2023.
             Slain by an orc wizard
             ... wielding a +0 dagger
              (4 damage)
             ... on level 4 of the Dungeon.
             The game lasted 00:05:07 (1446 turns).

Lexodia the Cudgeller (Ogre Gladiator)              Turns: 1446, Time: 00:05:07

Health: -3/47      AC:  4    Str: 20    XL:     5   Next: 25%
Magic:  5/5        EV: 10    Int:  9    God:
Gold:   52         SH:  0    Dex: 10    Spells: 4/4 levels left

rFire   . . .        a - +0 flail
rCold   . . .        (no shield)
rNeg    . . .        b - +0 robe
rPois   .            c - +0 hat
rElec   .            g - +0 cloak
rCorr   .            (gloves unavailable)
SInv    .            (boots unavailable)
Will    +....        (no amulet)
Stlth   +            (no ring)
HPRegen 0.27/turn    (no ring)
MPRegen 0.09/turn

%: no passive effects
@: enlightened, flying
A: large, unfitting armour, tough skin 1, frail 1, inability to read after
injury 1
a: no special abilities


You were on level 4 of the Dungeon.
You visited 1 branch of the dungeon, and saw 4 of its levels.

You collected 52 gold pieces.

Inventory:

Hand Weapons
 a - a +0 flail (weapon)
Missiles
 d - 3 throwing nets
 e - a large rock
Armour
 b - a +0 robe (worn)
 c - a +0 hat (worn)
 g - a +0 cloak (worn)
Jewellery
 h - a ring of fire
Scrolls
 i - a scroll of vulnerability
Potions
 l - a potion of resistance {unknown}


   Skills:
 - Level 3.0 Fighting
 * Level 4.4 Maces & Flails
 + Level 3.2 Throwing
 - Level 3.0 Dodging


You had 4 spell levels left.
You didn't know any spells.
Your spell library was empty.

Dungeon Overview and Level Annotations

Branches:
Dungeon (4/15)
 Temple: D:4-7

Altars:
Cheibriados


Innate Abilities, Weirdness & Mutations

You are too large for most types of armour.
You have tough skin. (AC +1)
You are frail. (-10% HP)
You occasionally lose the ability to read scrolls when taking damage.


Message History

The orc wizard is almost dead.
Something hits you.
Unknown command.
You hit something. Something hits you.
Damage: -6%(-3hp) hp: 34%(18hp)
You miss something.
The orc wizard gestures wildly while chanting.
The orc wizard flickers and vanishes!
You hear some strange, mumbled words.
A puff of flame appears from out of thin air!
The puff of flame misses you.
You miss something. Something hits you.
You hear some strange, mumbled words.
A magic dart appears from out of thin air!
The magic dart hits you.
* * * LOW HITPOINT WARNING * * *
Huge Dmg: -11%(-6hp) hp: 23%(12hp) Unknown command.
You closely miss something. Something hits you but does no damage.
You barely miss something. Something hits you.
* * * LOW HITPOINT WARNING * * *
Damage: -4%(-2hp) hp: 19%(10hp) Unknown command.
You closely miss something. Something hits you but does no damage.
You miss something. Something hits you.
* * * LOW HITPOINT WARNING * * *
Huge Dmg: -5%(-3hp) hp: 16%(8hp) Unknown command.
It was a potion of mutation.
You feel extremely strange.
You occasionally lose the ability to read scrolls when taking damage.
You feel frail.
You hear some strange, mumbled words.
A puff of flame appears from out of thin air!
The puff of flame hits you!
* * * LOW HITPOINT WARNING * * *
Huge Dmg: -15%(-7hp) hp: 3%(1hp) It was a potion of enlightenment.
You feel very buoyant.
You fly up into the air.
Something hits you.
You die...

#.# #.#
#####.###########
#................
#.###.###########
#.# #[# #######
#.# #.# #......
#.#####.###.#
#......
#.oo{{@.....#
#......
#######.#####
#..###. #.# #..
#. .[. .... #.
.... ###. #.
.).#. .. #.
##..#)# ## #. #.#
#


You could see 2 orcs.

Vanquished Creatures
  An iron imp (D:3)
  6 adders
  2 worms
  3 dart slugs
  2 orcs (D:3)
  5 ball pythons
  5 bats
  5 endoplasms
  A giant cockroach (D:4)
  3 goblins
  5 hobgoblins
  2 jackals (D:3)
  2 kobolds (D:3)
  2 quokkas
  3 rats (D:1)
47 creatures vanquished.

Notes
Turn   | Place    | Note
-------+----------+-------------------------------------------
     0 | D:1      | Lexodia the Ogre Gladiator began the quest for the Orb.
     0 | D:1      | Reached XP level 1. HP: 22/22 MP: 1/1
   157 | D:1      | Reached XP level 2. HP: 22/29 MP: 2/2
   165 | D:1      | Reached skill level 3 in Maces & Flails
   275 | D:1      | You fall into a shaft and drop 1 floor!
   304 | D:2      | Reached XP level 3. HP: 37/37 MP: 3/3
   575 | D:4      | Reached XP level 4. HP: 29/45 MP: 4/4
   888 | D:3      | Found a snail-covered altar of Cheibriados.
   898 | D:3      | Reached skill level 4 in Maces & Flails
  1150 | D:3      | Reached XP level 5. HP: 53/53 MP: 5/5
  1434 | D:4      | Huge Dmg: 13 dmg
  1436 | D:4      | Huge Dmg: 8 dmg
  1437 | D:4      | Huge Dmg: 8 dmg
  1441 | D:4      | Huge Dmg: 6 dmg
  1445 | D:4      | Huge Dmg: 3 dmg
  1445 | D:4      | Gained mutation: You occasionally lose the ability to read
                  | scrolls when taking damage. [potion of mutation]
  1445 | D:4      | Gained mutation: You are frail. (-10% HP) [potion of
                  | mutation]
  1445 | D:4      | HP: 1/47 [something/puff of flame (7)]
  1446 | D:4      | Huge Dmg: 7 dmg
  1446 | D:4      | Slain by an orc wizard

Illustrated notes

Levels and vault maps discovered:
D:1:      amcnicky_arrival_wind_blow, layout_rooms
D:2:      layout_basic, kennysheep_generic_room_13
D:3:      minmay_razor_zed, layout_basic, slow_altar_2, grunt_gozag_breadcrumbs,
          nicolae_overflow_squiral
D:4:      layout_loops_ring, chequers_serial_rivers_large_a, minmay_unequal

Skill      XL: |  1  2  3  4 |
---------------+-------------+-----
Fighting       | 3 |  3.0
Maces & Flails | 3 4 |  4.4
Dodging        | 3 |  3.0
Throwing       | 3 |  3.2

Action                     |  1- 3 |  4- 6 || total
---------------------------+-------+-------++-------
  Melee: Flail             |    84 |    82 ||   166
         Punch             |     2 |     1 ||     3
  Throw: Stone             |       |    11 ||    11
    Use: Scroll            |       |     2 ||     2
         Potion            |       |     2 ||     2
   Stab: Sleeping          |     1 |     1 ||     2
 Armour: Robe              |    37 |    18 ||    55
  Dodge: Dodged            |    60 |    54 ||   114

Table legend: (Time is in decaauts)
 A = Elapsed time spent in this place.
 B = Non-inter-level travel time spent in this place.
 C = Inter-level travel time spent in this place.
 D = Time resting spent in this place.
 E = Time spent auto-exploring this place.
 F = Levels seen in this place.
 G = Mean time per level.
                   A        B        C        D        E       F      G
               +--------+--------+--------+--------+--------+-----+--------+
         Total |   1482 |   1444 |     38 |      0 |   1015 |   4 |  370.5 |
       Dungeon |   1482 |   1444 |     38 |      0 |   1015 |   4 |  370.5 |
               +--------+--------+--------+--------+--------+-----+--------+

Top non-repeatable levels by time:
     D:3: 661 daAuts
     D:1: 285 daAuts
     D:4: 284 daAuts
     D:2: 250 daAuts
